 Dungeon Crawl Stone Soup version 0.30.0-20-g3615ddf2f0 (webtiles) character file.

Game seed: 4361542172476095798

2543 qw the Blocker (level 9, -2/55 HPs)
             Began as a Gargoyle Fighter on May 29, 2023.
             Slain by a two-headed ogre
             ... wielding a +0 giant club
              (21 damage)
             ... on level 8 of the Dungeon.
             The game lasted 00:04:03 (6740 turns).

qw the Blocker (Gargoyle Fighter)                   Turns: 6740, Time: 00:04:03

Health: -2/55      AC: 20    Str: 23    XL:     9   Next: 55%
Magic:  9/9        EV:  7    Int: 10    God:
Gold:   498        SH:  9    Dex:  9    Spells: 8/8 levels left

rFire   . . .        Y - +0 war axe
rCold   . . .        p - +0 kite shield
rNeg    + . .        h - +0 chain mail
rPois   inf          a - +0 helmet
rElec   +            (no cloak)
rCorr   .            f - +1 pair of gloves
SInv    +            n - +0 pair of boots
Will    .....        (no amulet) Stlth
                     k - ring of see invisible
HPRegen 0.29/turn    (no ring)
MPRegen 0.11/turn

%: no passive effects
@: no status effects
A: sickness immunity, AC +6, negative energy resistance 1, electricity
resistance, torment resistance 1, petrification resistance
a: no special abilities


You were on level 8 of the Dungeon.
You visited 2 branches of the dungeon, and saw 9 of its levels.

You collected 498 gold pieces.


Innate Abilities, Weirdness & Mutations

You are immune to sickness and miasma.
Your stone body is resilient. (AC +6)
You are immune to poison.
You resist negative energy. (rN+)
You are resistant to electric shocks. (rElec)
You are resistant to unholy torment.
You are immune to petrification.


   Skills:
 - Level 6.0 Fighting
 + Level 8.1 Axes
 - Level 2.0 Throwing
 - Level 4.2 Armour
 - Level 1.1 Dodging
 - Level 8.3 Shields


You had 8 spell levels left.
You didn't know any spells.
Your spell library was empty.

Inventory:

Hand Weapons
 b - a +0 flail of draining
 Y - a +0 war axe (weapon)
Armour
 a - a +0 helmet (worn)
 f - a +1 pair of gloves (worn)
 h - a +0 chain mail (worn)
 n - a +0 pair of boots (worn)
 p - a +0 kite shield (worn)
 q - a +2 pair of gloves
Jewellery
 e - a ring of ice
 k - a ring of see invisible (left hand)
Scrolls
 l - a scroll of identify
 o - 2 scrolls of teleportation
Potions
 d - 2 potions of might
 g - 2 potions of mutation
 i - a potion of attraction
 j - 8 potions of curing
 r - a potion of brilliance {unknown}

Dungeon Overview and Level Annotations

Branches:
Dungeon (8/15)             Temple (1/1) D:7
   Lair: D:8-11

Altars:
Ashenzari
Cheibriados
Elyvilon
Fedhas
Gozag
Kikubaaqudgha
Makhleb
Nemelex Xobeh
Ru
Sif Muna
Trog
Uskayaw
Wu Jian
Xom
Yredelemnul
Zin
The Shining One


Message History

The silver javelin pierces through the two-headed ogre!
The two-headed ogre is moderately wounded.
You throw a silver javelin.
The silver javelin pierces through the two-headed ogre.
The two-headed ogre is moderately wounded.
You throw a silver javelin.
The silver javelin pierces through the two-headed ogre but does no damage.
The two-headed ogre is moderately wounded.
You throw a silver javelin.
The silver javelin pierces through the two-headed ogre but does no damage.
The two-headed ogre is moderately wounded.
You slash the two-headed ogre!
The two-headed ogre is heavily wounded.
The two-headed ogre hits you with a +0 giant club!!
The two-headed ogre hits you with a +0 giant spiked club!!
6705 ||| READING 3 scrolls of teleportation.
As you read the scroll of teleportation, it crumbles to dust.
You feel strangely unstable.
6706 ||| DRINKING potion of heal wounds.
You feel much better. The two-headed ogre closely misses you.
The two-headed ogre hits you with a +0 giant spiked club!
You barely miss the two-headed ogre.
The two-headed ogre is heavily wounded.
You block the two-headed ogre's attack.
The two-headed ogre hits you with a +0 giant spiked club!
You slash the two-headed ogre!
The two-headed ogre is severely wounded.
The two-headed ogre barely misses you. You block the two-headed ogre's attack.
You slash the two-headed ogre!
The two-headed ogre is almost dead.
Your surroundings suddenly seem different.
You start resting.
A two-headed ogre is nearby!
The two-headed ogre shouts in stereo!
You hear a shout!
You slice the two-headed ogre!!
The two-headed ogre is almost dead.
The two-headed ogre barely misses you.
The two-headed ogre hits you with a +0 giant spiked club!!
You die...

#.###<#..###....##....##..
>.....#..# ##...##....##..
###....# #....##..##...
#....## ##...##..##... #
#.#...# ##...####....
....#.....# #...## #....
#.......######...# #####
######.O.........#
##@........## ##..##....#
##.##...## ####...# #..##
#..# #... ...


You could see a two-headed ogre.

Vanquished Creatures
  Joseph (D:8)
  A wyvern (D:7)
  2 sky beasts (D:7)
  A black bear (D:4)
  2 ogres
  3 bullfrogs
  3 scorpions
  4 wights (D:7)
  5 howler monkeys
  9 hounds
  A jelly (D:3)
  A sleepcap (D:5)
  A gnoll bouda (D:7)
  3 iguanas
  Natasha (thrice) (D:2)
  2 orc wizards (D:7)
  9 adders
  11 gnolls
  2 shadow imps (D:5)
  An ufetubus (D:5)
  4 worms
  6 dart slugs
  20 orcs
  6 endoplasms
  8 giant cockroaches
  6 goblins
  9 hobgoblins
  3 jackals (D:1)
  2 quokkas
  9 ball pythons
  6 bats
  3 frilled lizards
  5 kobolds
  7 rats
159 creatures vanquished.

Notes
Turn   | Place    | Note
-------+----------+-------------------------------------------
     0 | D:1      | qw the Gargoyle Fighter began the quest for the Orb.
     0 | D:1      | Reached XP level 1. HP: 14/14 MP: 1/1
     0 | D:1      | 0 ||| qw: Version: 0.2-a-101-gf424e7f
     0 | D:1      | 0 ||| qw: Game counter: 319
     0 | D:1      | 0 ||| qw: Always use a shield: true
     0 | D:1      | 0 ||| qw: God list: Okawaru
     0 | D:1      | 0 ||| qw: Allow faded altars: false
     0 | D:1      | 0 ||| qw: Do Orc after D:15 true
     0 | D:1      | 0 ||| qw: Do second Lair branch before Depths: true
     0 | D:1      | 0 ||| qw: Lair rune preference: random
     0 | D:1      | 0 ||| qw: Plans: Normal, Zot:1-4, Slime:5, God:TSO, Crypt,
                  | Tomb, Pan, Hells, Abyss, Win
     0 | D:1      | 0 ||| PLANNING D:1-11
   108 | D:1      | Reached XP level 2. HP: 15/19 MP: 2/2
   229 | D:1      | 229 ||| Stepping ~*~*~tactically~*~*~ (stealth).
   263 | D:1      | 263 ||| Stepping ~*~*~tactically~*~*~ (hiding).
   276 | D:1      | Reached skill level 3 in Axes
   276 | D:1      | Reached XP level 3. HP: 15/23 MP: 3/3
   663 | D:1      | 663 ||| UPGRADING to +0 pair of gloves.
   668 | D:1      | 668 ||| DROPPING ring of wizardry.
   669 | D:1      | 669 ||| READING scroll labelled GOHYOKKUHAM.
   670 | D:1      | 670 ||| DRINKING 2 bubbling black potions.
   671 | D:1      | 671 ||| DRINKING 2 viscous green potions.
   672 | D:1      | 672 ||| DROPPING potion of degeneration.
   818 | D:2      | Found a faded altar of an unknown god.
   888 | D:2      | Noticed Natasha
   890 | D:2      | 890 ||| FLEEEEING.
   891 | D:2      | 891 ||| FLEEEEING.
   892 | D:2      | 892 ||| FLEEEEING.
   893 | D:2      | 893 ||| FLEEEEING.
   910 | D:2      | Killed Natasha
   911 | D:2      | Reached XP level 4. HP: 13/28 MP: 4/4
  1021 | D:2      | Noticed Natasha
  1036 | D:2      | 1036 ||| Stepping ~*~*~tactically~*~*~ (hiding).
  1055 | D:2      | 1055 ||| Stepping ~*~*~tactically~*~*~ (stealth).
  1066 | D:2      | Killed Natasha
  1158 | D:2      | Reached XP level 5. HP: 32/32 MP: 5/5
  1198 | D:2      | Noticed Natasha
  1206 | D:2      | Killed Natasha
  1561 | D:2      | 1561 ||| Stepping ~*~*~tactically~*~*~ (hiding).
  1646 | D:2      | 1646 ||| UPGRADING to +0 chain mail.
  1656 | D:2      | 1656 ||| DROPPING +0 scale mail.
  1657 | D:2      | 1657 ||| READING scroll labelled QEMERE GEURAL.
  1660 | D:2      | 1660 ||| READING scroll labelled MOSOGY USEIRRA.
  1661 | D:2      | 1661 ||| READING 2 scrolls labelled FOWUUMPASME.
  1662 | D:2      | 1662 ||| READING scroll labelled INLENO MIT UHU.
  1691 | D:3      | 1691 ||| PLANNING SEWER
  1854 | D:3      | 1854 ||| Stepping ~*~*~tactically~*~*~ (stealth).
  2197 | D:3      | 2197 ||| READING scroll of enchant armour.
  2197 | D:3      | 2197 ||| ENCHANTING +0 pair of gloves.
  2238 | D:3      | Found a glowing drain.
  2239 | D:3      | 2239 ||| UPGRADING to ring of see invisible.
  2240 | D:3      | 2240 ||| READING scroll labelled NEER BOCKIXT.
  2314 | D:3      | 2314 ||| READING scroll labelled QESIPS BUCWE.
  2315 | D:3      | 2315 ||| DRINKING 2 purple potions.
  2452 | D:3      | 2452 ||| STAIRDANCE
  2456 | D:3      | 2456 ||| STAIRDANCE
  2460 | D:3      | 2460 ||| STAIRDANCE
  2464 | D:3      | 2464 ||| STAIRDANCE
  2468 | D:3      | 2468 ||| STAIRDANCE
  2472 | D:3      | 2472 ||| STAIRDANCE
  2476 | D:3      | 2476 ||| STAIRDANCE
  2480 | D:3      | 2480 ||| STAIRDANCE
  2484 | D:3      | 2484 ||| STAIRDANCE
  2488 | D:3      | 2488 ||| STAIRDANCE
  2492 | D:3      | 2492 ||| RIP SEWER
  2492 | D:3      | 2492 ||| PLANNING D:1-11
  2569 | D:3      | 2569 ||| DROPPING +0 mace.
  2597 | D:3      | 2597 ||| Stepping ~*~*~tactically~*~*~ (stealth).
  2628 | D:3      | 2628 ||| Stepping ~*~*~tactically~*~*~ (stealth).
  2840 | D:3      | Reached XP level 6. HP: 38/38 MP: 6/6
  2927 | D:3      | 2927 ||| READING scroll labelled DITU JOGRAE.
  2928 | D:3      | 2928 ||| READING 2 scrolls of identify.
  2928 | D:3      | 2928 ||| IDENTIFYING metallic orange potion
  2952 | D:4      | 2952 ||| STAIRDANCE
  3007 | D:3      | 3007 ||| DROPPING +1 mace of protection.
  3047 | D:4      | 3047 ||| Stepping ~*~*~tactically~*~*~ (stealth).
  3048 | D:4      | 3048 ||| Stepping ~*~*~tactically~*~*~ (stealth).
  3049 | D:4      | 3049 ||| Stepping ~*~*~tactically~*~*~ (stealth).
  3050 | D:4      | 3050 ||| Stepping ~*~*~tactically~*~*~ (stealth).
  3051 | D:4      | 3051 ||| Stepping ~*~*~tactically~*~*~ (stealth).
  3052 | D:4      | 3052 ||| Stepping ~*~*~tactically~*~*~ (stealth).
  3056 | D:4      | 3056 ||| Stepping ~*~*~tactically~*~*~ (stealth).
  3087 | D:4      | 3087 ||| Stepping ~*~*~tactically~*~*~ (stealth).
  3230 | D:4      | Noticed a black bear
  3240 | D:4      | Killed a black bear
  3241 | D:4      | Reached skill level 6 in Axes
  3241 | D:4      | Reached XP level 7. HP: 34/43 MP: 7/7
  3298 | D:4      | 3298 ||| Stepping ~*~*~tactically~*~*~ (stealth).
  3303 | D:4      | 3303 ||| Stepping ~*~*~tactically~*~*~ (stealth).
  3712 | D:4      | Reached skill level 1 in Dodging
  3741 | D:4      | 3741 ||| UPGRADING to +0 kite shield.
  3751 | D:4      | 3751 ||| DROPPING +0 buckler.
  3752 | D:4      | 3752 ||| READING 3 scrolls of identify.
  3752 | D:4      | 3752 ||| IDENTIFYING green potion
  3753 | D:4      | 3753 ||| READING 2 scrolls of identify.
  3753 | D:4      | 3753 ||| IDENTIFYING glowing amethyst potion
  3754 | D:4      | 3754 ||| DROPPING potion of berserk rage.
  3763 | D:5      | Entered Level 5 of the Dungeon
  3961 | D:5      | 3961 ||| Stepping ~*~*~tactically~*~*~ (hiding).
  3963 | D:5      | 3963 ||| Stepping ~*~*~tactically~*~*~ (hiding).
  4049 | D:5      | 4049 ||| DROPPING +0 flail.
  4055 | D:5      | 4055 ||| Stepping ~*~*~tactically~*~*~ (stealth).
  4171 | D:5      | Reached skill level 1 in Throwing
  4171 | D:5      | Reached XP level 8. HP: 48/48 MP: 8/8
  4332 | D:5      | 4332 ||| READING scroll labelled ZUEFUB OVEENG.
  4333 | D:5      | 4333 ||| READING scroll labelled UXZOHAXESS.
  4367 | D:5      | 4367 ||| READING 2 scrolls of identify.
  4367 | D:5      | 4367 ||| IDENTIFYING lumpy white potion
  4368 | D:5      | 4368 ||| DROPPING potion of invisibility.
  4403 | D:6      | Identified the +5 short sword of Blood {holy, Contam rElec
                  | Str+7 SInv}
  4449 | D:6      | Reached skill level 6 in Shields
  4998 | D:6      | 4998 ||| UPGRADING to +0 helmet.
  5003 | D:6      | 5003 ||| UPGRADING to +0 pair of boots.
  5008 | D:6      | 5008 ||| READING 2 scrolls of identify.
  5008 | D:6      | 5008 ||| IDENTIFYING lumpy purple potion
  5009 | D:6      | 5009 ||| DROPPING potion of flight.
  5034 | D:7      | Found a staircase to the Ecumenical Temple.
  5035 | D:7      | 5035 ||| PLANNING TEMPLE
  5035 | D:7      | 5035 ||| STAIRDANCE
  5046 | D:7      | 5046 ||| Stepping ~*~*~tactically~*~*~ (stealth).
  5048 | D:7      | 5048 ||| Stepping ~*~*~tactically~*~*~ (hiding).
  5117 | Temple   | Entered the Ecumenical Temple
  5309 | Temple   | 5309 ||| PLANNING D:1-11
  5363 | D:7      | Noticed a wyvern
  5373 | D:7      | Killed a wyvern
  5654 | D:7      | 5654 ||| Stepping ~*~*~tactically~*~*~ (stealth).
  5656 | D:7      | 5656 ||| Stepping ~*~*~tactically~*~*~ (hiding).
  5671 | D:7      | HP: 9/49 [wight/+0 spear (5)]
  5672 | D:7      | 5672 ||| READING 4 scrolls of teleportation.
  5673 | D:7      | 5673 ||| DRINKING 2 potions of heal wounds.
  5684 | D:7      | 5684 ||| FLEEEEING.
  5685 | D:7      | 5685 ||| FLEEEEING.
  5686 | D:7      | 5686 ||| FLEEEEING.
  5687 | D:7      | 5687 ||| FLEEEEING.
  5691 | D:7      | 5691 ||| STAIRDANCE
  5775 | D:7      | Reached XP level 9. HP: 48/54 MP: 9/9
  6230 | D:7      | Reached skill level 6 in Fighting
  6237 | D:7      | Found a sacrificial altar of Ru.
  6273 | D:7      | Found a basalt altar of Yredelemnul.
  6355 | D:7      | 6355 ||| READING 2 scrolls of identify.
  6355 | D:7      | 6355 ||| IDENTIFYING fizzy yellow potion
  6356 | D:7      | 6356 ||| DROPPING potion of magic.
  6486 | D:8      | Noticed Joseph
  6518 | D:8      | Killed Joseph
  6699 | D:8      | Noticed a two-headed ogre
  6704 | D:8      | HP: 9/55 [two-headed ogre/+0 giant club (22)]
  6705 | D:8      | 6705 ||| READING 3 scrolls of teleportation.
  6706 | D:8      | 6706 ||| DRINKING potion of heal wounds.
  6740 | D:8      | Slain by a two-headed ogre

Levels and vault maps discovered:
D:1:      wander_arrival_peaceful_grave, layout_loops_ring
D:2:      layout_loops_ring, hellmonk_ecumenical_altar_zigzags,
          minmay_hedge_maze, uniq_natasha
D:3:      layout_basic, gup_sewer_entry_glass, serial_bayou_pond_c,
          minmay_pentangle
D:4:      layout_loops_ring
D:5:      layout_cave_pools
D:6:      layout_loops_cross, serial_bayou_pond_e
D:7:      layout_rooms, mainiacjoe_overflow_two_lobes, minmay_temple_entry_tees
D:8:      layout_rooms, nicolae_two_hexagons, minmay_between, uniq_joseph
Temple:   regret_index_temple_generic_petals

Skill      XL: |  1  2  3  4  5  6  7  8  9 |
---------------+----------------------------+-----
Axes           | 2 3 4 5 6 7 8 |  8.1
Fighting       | 4 5 6 |  6.0
Dodging        | 1 |  1.1
Shields        | 5 7 8 |  8.3
Throwing       | 1 2 |  2.0
Armour         | 4 |  4.2

Action                     |  1- 3 |  4- 6 |  7- 9 || total
---------------------------+-------+-------+-------++-------
  Melee: War axe           |    89 |   206 |   325 ||   620
  Throw: Boomerang         |    12 |    33 |    11 ||    56
         Javelin           |       |       |    37 ||    37
    Use: Potion            |     2 |     1 |     2 ||     5
         Scroll            |     1 |     9 |     9 ||    19
 Armour: Scale mail        |    41 |    19 |       ||    60
         Chain mail        |       |   112 |   208 ||   320
  Dodge: Dodged            |    35 |    58 |   106 ||   199
  Block: Buckler           |    14 |    34 |     2 ||    50
         Kite shield       |       |       |   152 ||   152

Table legend:
 A = Non-vault XP
 B = Vault XP
 C = Vault XP percentage of total XP
 D = Non-vault monster count
 E = Vault monster count
 F = Vault count percentage of total count
                 A         B        C        D         E       F
            +---------+---------+-------+---------+---------+-------
      Total |    3067 |     567 |  15.6 |     139 |      20 |  12.6
            +---------+---------+-------+---------+---------+-------
        D:1 |      56 |       0 |   0.0 |      26 |       0 |   0.0
        D:2 |     112 |      35 |  23.8 |      16 |       1 |   5.9
        D:3 |      50 |     113 |  69.3 |      17 |      18 |  51.4
        D:4 |     332 |       0 |   0.0 |      23 |       0 |   0.0
        D:5 |     563 |       0 |   0.0 |      16 |       0 |   0.0
        D:6 |     331 |       0 |   0.0 |       7 |       0 |   0.0
        D:7 |    1512 |       0 |   0.0 |      31 |       0 |   0.0
        D:8 |     111 |     419 |  79.1 |       3 |       1 |  25.0
            +---------+---------+-------+---------+---------+-------
